MLB
TEXAS RANGERS @ COLORADO ROCKIES
07/17/2044
 
TOP OF THE 1ST
Texas Rangers batting - Pitching for Colorado Rockies : RHP Isaac Spikes
Pitching: RHP Isaac Spikes
Batting: LHB Da Vo 0-0: Ball
1-0: SOLO HOME RUN (Flyball, 9LD, EV 95.6 MPH), Distance : 359 ft
Batting: RHB David Casas 0-0: Ground out 6-3 (Groundball, 6M, EV 102.5 MPH)
Batting: SHB Jun Tsuda 0-0: Ball
1-0: Foul Ball, location: 2F
1-1: Ball
2-1: Fly out, F7 (Flyball, 78S, EV 93.1 MPH)
Batting: SHB John Giesbrecht 0-0: Ball
1-0: Ball
2-0: Called Strike
2-1: Foul Ball, location: 2F
2-2: Ball
3-2: Hit by Pitch
Batting: LHB Cody Schumacher 0-0: Fly out, F9 (Flyball, 89S, EV 88.1 MPH)
Top of the 1st over - 1 run, 1 hit, 0 errors, 1 left on base; Texas 1 - Colorado 0
BOTTOM OF THE 1ST
Colorado Rockies batting - Pitching for Texas Rangers : RHP Javy Falcon
Pitching: RHP Javy Falcon
Batting: RHB Chad Thompson 0-0: Swinging Strike
0-1: Ground out 6-3 (Groundball, 56, EV 102.5 MPH)
Batting: RHB Roberto Rodriguez 0-0: Foul Ball, location: 2F
0-1: Foul Ball, location: 2F
0-2: Foul Ball, location: 2F
0-2: Ball
1-2: SINGLE (Line Drive, 8RS, EV 112.5 MPH)
Batting: LHB Fabiano Perrolas 0-0: Ball
1-0: Called Strike
1-1: Swinging Strike
1-2: Strikes out swinging
Batting: RHB Jason Andrews 0-0: Foul Ball, location: 2F
0-1: Foul Ball, location: 2F
0-2: Ball
1-2: Foul Ball, location: 2F
1-2: Strikes out swinging
Bottom of the 1st over - 0 runs, 1 hit, 0 errors, 1 left on base; Texas 1 - Colorado 0
TOP OF THE 2ND
Texas Rangers batting - Pitching for Colorado Rockies : RHP Isaac Spikes
Batting: RHB Bert Clark 0-0: Ball
1-0: Swinging Strike
1-1: Ball
2-1: Ground out 3-1 (Groundball, 34S, EV 75.6 MPH)
Batting: RHB Rich Stinson 0-0: Fly out, F9 (Flyball, 89S, EV 88.8 MPH)
Batting: RHB Edwin Madrid 0-0: Ball
1-0: Swinging Strike
1-1: SINGLE (Groundball, 56D, EV 96.2 MPH)
Batting: RHB Alex Sandoval 0-0: Ball
1-0: Called Strike
1-1: Called Strike
1-2: TRIPLE (Flyball, 78XD, EV 108.1 MPH)
Edwin Madrid scores
Batting: LHB Da Vo 0-0: Ball
1-0: Ball
2-0: Ball
3-0: Called Strike
3-1: Foul Ball, location: 2F
3-2: Ground out 6-3 (Groundball, 6M, EV 83.1 MPH)
Top of the 2nd over - 1 run, 2 hits, 0 errors, 1 left on base; Texas 2 - Colorado 0
BOTTOM OF THE 2ND
Colorado Rockies batting - Pitching for Texas Rangers : RHP Javy Falcon
Batting: LHB Jose Robles 0-0: Called Strike
0-1: Swinging Strike
0-2: Ball
1-2: Foul Ball, location: 2F
1-2: Ball
2-2: Strikes out looking
Batting: RHB Rico Coss 0-0: Called Strike
0-1: Swinging Strike
0-2: SINGLE (Groundball, 25, EV 68.8 MPH) (infield hit)
Batting: RHB Sterling Acosta 0-0: Foul Ball, location: 2F
0-1: Called Strike
0-2: Ball
1-2: Ball
2-2: Foul Ball, location: 2F
2-2: Strikes out swinging
Batting: RHB Leo Mair 0-0: Foul Ball, location: 2F
0-1: Swinging Strike
0-2: Ball
1-2: Foul Ball, location: 2F
1-2: Ball
2-2: Strikes out swinging
Bottom of the 2nd over - 0 runs, 1 hit, 0 errors, 1 left on base; Texas 2 - Colorado 0
TOP OF THE 3RD
Texas Rangers batting - Pitching for Colorado Rockies : RHP Isaac Spikes
Batting: RHB David Casas 0-0: Foul Ball, location: 2F
0-1: Called Strike
0-2: Ball
1-2: Ball
2-2: Ground out 6-3 (Groundball, 6, EV 80.0 MPH)
Batting: SHB Jun Tsuda 0-0: Ball
1-0: Foul Ball, location: 2F
1-1: Foul Ball, location: 2F
1-2: Ball
2-2: Strikes out swinging
Batting: SHB John Giesbrecht 0-0: DOUBLE (Groundball, 3L, EV 107.5 MPH)
Batting: LHB Cody Schumacher 0-0: Ground out 6-3 (Groundball, 6, EV 105.6 MPH)
Top of the 3rd over - 0 runs, 1 hit, 0 errors, 1 left on base; Texas 2 - Colorado 0
BOTTOM OF THE 3RD
Colorado Rockies batting - Pitching for Texas Rangers : RHP Javy Falcon
Batting: RHB Stephen Charbonneau 0-0: Ball
1-0: Swinging Strike
1-1: Bunted foul
1-2: Ball
2-2: Ball
3-2: Fly out, F8 (Flyball, 78D, EV 99.4 MPH)
Batting: RHB Chad Thompson 0-0: SINGLE (Line Drive, 34D, EV 96.2 MPH)
Batting: RHB Roberto Rodriguez 0-0: Foul Ball, location: 2F
0-1: Ball
1-1: Ball
2-1: Ball
3-1: Base on Balls
Chad Thompson to second
Batting: LHB Fabiano Perrolas 0-0: DOUBLE (Line Drive, 5D, EV 100.6 MPH)
Chad Thompson scores
Roberto Rodriguez to third
Pinch Runner at 2nd Chris Locklear:
Batting: RHB Jason Andrews 0-0: Ball
1-0: SINGLE (Groundball, 4MD, EV 106.9 MPH)
Roberto Rodriguez scores
Chris Locklear to third
Batting: LHB Jose Robles 0-0: Called Strike
Pickoff Throw to First - Error! E1
Chris Locklear scores
Jason Andrews to second
0-1: Foul Ball, location: 2F
0-2: Foul Ball, location: 2F
0-2: Fly out, F9 (Flyball, 9S, EV 86.2 MPH)
Batting: RHB Rico Coss 0-0: Foul Ball, location: 2F
0-1: Foul Ball, location: 2F
0-2: Ball
1-2: Ground out 4-3 (Groundball, 4, EV 88.1 MPH)
Bottom of the 3rd over - 3 runs, 3 hits, 1 error, 1 left on base; Texas 2 - Colorado 3
TOP OF THE 4TH
Texas Rangers batting - Pitching for Colorado Rockies : RHP Isaac Spikes
Now at C: Chris Locklear
Batting: RHB Bert Clark 0-0: Foul Ball, location: 2F
0-1: Called Strike
0-2: Fly out, F7 (Line Drive, 7, EV 89.4 MPH)
Batting: RHB Rich Stinson 0-0: Ball
1-0: Called Strike
1-1: Ball
2-1: Foul Ball, location: 2F
2-2: Ground out 1-3 (Groundball, 13, EV 68.1 MPH)
Batting: RHB Edwin Madrid 0-0: Called Strike
0-1: Ball
1-1: Swinging Strike
1-2: Foul Ball, location: 2F
1-2: Ball
2-2: Foul Ball, location: 2F
2-2: Foul Ball, location: 2F
2-2: Fly out, F9 (Flyball, 89M, EV 83.8 MPH)
Top of the 4th over - 0 runs, 0 hits, 0 errors, 0 left on base; Texas 2 - Colorado 3
BOTTOM OF THE 4TH
Colorado Rockies batting - Pitching for Texas Rangers : RHP Javy Falcon
Batting: RHB Sterling Acosta 0-0: Ball
1-0: Swinging Strike
1-1: Ball
2-1: Swinging Strike
2-2: Strikes out swinging
Batting: RHB Leo Mair 0-0: Foul Ball, location: 2F
0-1: Swinging Strike
0-2: Strikes out swinging
Batting: RHB Stephen Charbonneau 0-0: Ball
1-0: Ball
2-0: Fly out, F8 (Flyball, 8RD, EV 98.1 MPH)
Bottom of the 4th over - 0 runs, 0 hits, 0 errors, 0 left on base; Texas 2 - Colorado 3
TOP OF THE 5TH
Texas Rangers batting - Pitching for Colorado Rockies : RHP Isaac Spikes
Batting: RHB Alex Sandoval 0-0: Swinging Strike
0-1: Swinging Strike
0-2: Ball
1-2: Ball
2-2: Foul Ball, location: 2F
2-2: Ground out 1-3 (Groundball, 13, EV 74.4 MPH)
Batting: LHB Da Vo 0-0: Ball
1-0: Ball
2-0: Ball
3-0: Called Strike
3-1: Base on Balls
Batting: RHB David Casas Pickoff Throw to First - Out! 1-3
0-0: Ball
1-0: Swinging Strike
1-1: Called Strike
1-2: Strikes out swinging
Top of the 5th over - 0 runs, 0 hits, 0 errors, 0 left on base; Texas 2 - Colorado 3
BOTTOM OF THE 5TH
Colorado Rockies batting - Pitching for Texas Rangers : RHP Javy Falcon
Batting: RHB Chad Thompson 0-0: Foul Ball, location: 2F
0-1: Foul Ball, location: 2F
0-2: Ball
1-2: Foul Ball, location: 2F
1-2: Foul Ball, location: 2F
1-2: Ground out 5-3 (Groundball, 5, EV 86.2 MPH)
Batting: RHB Roberto Rodriguez 0-0: Ball
1-0: Ball
2-0: Foul Ball, location: 2F
2-1: TRIPLE (Flyball, 78XD, EV 108.1 MPH)
Batting: LHB Chris Locklear 0-0: Called Strike
0-1: Foul Ball, location: 2F
0-2: Ball
1-2: Strikes out looking
Batting: RHB Jason Andrews 0-0: Fly out, F4 (Popup, 34S, EV 79.4 MPH)
Bottom of the 5th over - 0 runs, 1 hit, 0 errors, 1 left on base; Texas 2 - Colorado 3
TOP OF THE 6TH
Texas Rangers batting - Pitching for Colorado Rockies : RHP Isaac Spikes
Pitching: RHP Jaden Mackey
Batting: SHB Jun Tsuda 0-0: Foul Ball, location: 2F
0-1: Fly out, F7 (Flyball, 7D, EV 83.8 MPH)
Batting: SHB John Giesbrecht 0-0: Ball
1-0: Foul Ball, location: 2F
1-1: Ball
2-1: Ball
3-1: Foul Ball, location: 2F
3-2: SINGLE (Flyball, 34D, EV 88.8 MPH)
Batting: LHB Cody Schumacher 0-0: Ball
1-0: Called Strike
1-1: Ball
2-1: Ball
3-1: Swinging Strike
3-2: Grounds into double play, 4-6-3 (Groundball, 34, EV 108.8 MPH)
Top of the 6th over - 0 runs, 1 hit, 0 errors, 0 left on base; Texas 2 - Colorado 3
BOTTOM OF THE 6TH
Colorado Rockies batting - Pitching for Texas Rangers : RHP Javy Falcon
Batting: LHB Jose Robles 0-0: Called Strike
0-1: Ground out 6-3 (Groundball, 4M, EV 108.8 MPH)
Batting: RHB Rico Coss 0-0: Ground out 5-3 (Groundball, 56S, EV 81.9 MPH)
Batting: RHB Sterling Acosta 0-0: Called Strike
0-1: Foul Ball, location: 2F
0-2: Strikes out looking
Bottom of the 6th over - 0 runs, 0 hits, 0 errors, 0 left on base; Texas 2 - Colorado 3
TOP OF THE 7TH
Texas Rangers batting - Pitching for Colorado Rockies : RHP Jaden Mackey
Pitching: RHP Mike Mik
Batting: RHB Bert Clark 0-0: Foul Ball, location: 2F
0-1: Swinging Strike
0-2: Ball
1-2: Foul Ball, location: 2F
1-2: Ball
2-2: Ground out 5-3 (Groundball, 56, EV 87.5 MPH)
Batting: RHB Rich Stinson 0-0: Ball
1-0: Called Strike
1-1: Called Strike
1-2: Foul Ball, location: 2F
1-2: Fly out, F9 (Flyball, 9S, EV 86.2 MPH)
Batting: RHB Edwin Madrid 0-0: Fly out, F8 (Line Drive, 8RM, EV 112.5 MPH)
Top of the 7th over - 0 runs, 0 hits, 0 errors, 0 left on base; Texas 2 - Colorado 3
BOTTOM OF THE 7TH
Colorado Rockies batting - Pitching for Texas Rangers : RHP Javy Falcon
Batting: RHB Leo Mair 0-0: DOUBLE (Line Drive, 9LS, EV 98.1 MPH)
Batting: RHB Stephen Charbonneau 0-0: Ball
1-0: Ball
2-0: Called Strike
2-1: Foul Ball, location: 2F
2-2: Foul Ball, location: 2F
2-2: Foul Ball, location: 2F
2-2: Ball
3-2: Foul Ball, location: 2F
3-2: Base on Balls
Pitching: RHP Troy Baker
Batting: RHB Chad Thompson 0-0: Ball
1-0: Sac Bunt to P - play at first, batter OUT! 1-4
Leo Mair to third
Stephen Charbonneau to second
Batting: RHB Roberto Rodriguez 0-0: Ball
1-0: Ball
2-0: Foul Ball, location: 2F
2-1: Ball
3-1: Called Strike
3-2: SINGLE (Line Drive, 56, EV 100.0 MPH)
Leo Mair scores
Stephen Charbonneau to third
Batting: LHB Chris Locklear 0-0: Ground out U3 (Groundball, 3S, EV 93.1 MPH)
Roberto Rodriguez to second
Batting: RHB Jason Andrews 0-0: Ball
1-0: Foul Ball, location: 2F
1-1: Foul Ball, location: 2F
1-2: Strikes out swinging
Bottom of the 7th over - 1 run, 2 hits, 0 errors, 2 left on base; Texas 2 - Colorado 4
TOP OF THE 8TH
Texas Rangers batting - Pitching for Colorado Rockies : RHP Mike Mik
Pitching: RHP Gabe Baxter
Batting: RHB Alex Sandoval 0-0: Ball
1-0: SINGLE (Line Drive, 8RS, EV 99.4 MPH)
Batting: LHB Da Vo 0-0: Ball
1-0: Swinging Strike
1-1: Ball
2-1: SINGLE (Groundball, 6MS, EV 62.5 MPH) (infield hit)
Alex Sandoval to second
Batting: RHB David Casas 0-0: Sac Bunt to 25 - play at first, batter OUT! 5-3
Alex Sandoval to third
Da Vo to second
Batting: SHB Jun Tsuda 0-0: Called Strike
0-1: Ground out U3 (Groundball, 34, EV 80.6 MPH)
Alex Sandoval scores
Da Vo to third
Batting: SHB John Giesbrecht 0-0: Ball
1-0: Ball
2-0: Ground out 6-3 (Groundball, 6, EV 78.8 MPH)
Top of the 8th over - 1 run, 2 hits, 0 errors, 1 left on base; Texas 3 - Colorado 4
BOTTOM OF THE 8TH
Colorado Rockies batting - Pitching for Texas Rangers : RHP Troy Baker
Batting: LHB Jose Robles 0-0: Called Strike
0-1: Ball
1-1: Foul Ball, location: 2F
1-2: Strikes out looking
Batting: RHB Rico Coss 0-0: Foul Ball, location: 2F
0-1: Ground out 5-3 (Groundball, 5, EV 84.4 MPH)
Batting: RHB Sterling Acosta 0-0: Called Strike
0-1: Ball
1-1: Swinging Strike
1-2: Ball
2-2: Foul Ball, location: 2F
2-2: Foul Ball, location: 2F
2-2: Strikes out looking
Bottom of the 8th over - 0 runs, 0 hits, 0 errors, 0 left on base; Texas 3 - Colorado 4
TOP OF THE 9TH
Texas Rangers batting - Pitching for Colorado Rockies : RHP Gabe Baxter
Pitching: LHP Ryan Fulford
Pinch Hitting: RHB Casey Semenza 0-0: Ball
1-0: Ball
2-0: Called Strike
2-1: DOUBLE (Flyball, 8LXD, EV 104.4 MPH)
Batting: RHB Bert Clark 0-0: SINGLE (Groundball, 4D, EV 100.6 MPH)
Casey Semenza to third
Batting: RHB Rich Stinson 0-0: Foul Ball, location: 2F
0-1: Foul Ball, location: 2F
0-2: Ground out 6-3 (Groundball, 6, EV 78.8 MPH)
Bert Clark to second
Batting: RHB Edwin Madrid 0-0: Ground out 4-3 (Groundball, 4S, EV 81.9 MPH)
Casey Semenza scores
Bert Clark to third
Batting: RHB Alex Sandoval 0-0: Ball
1-0: Foul Ball, location: 2F
1-1: SINGLE (Groundball, 6MD, EV 95.6 MPH)
Bert Clark scores
Batting: RHB Zhao-ji Chi 0-0: Called Strike
0-1: Ball
1-1: Swinging Strike
1-2: SINGLE (Groundball, 34D, EV 101.2 MPH)
Alex Sandoval to second
Alex Sandoval to third
Batting: RHB David Casas 0-0: Ball
1-0: Ball
2-0: DOUBLE (Flyball, 8RXD, EV 99.4 MPH)
Alex Sandoval scores
Zhao-ji Chi to third
Runner from 3rd tries for Home, SAFE, throw by CF to home
Pitching: LHP Dave Burridge
Batting: SHB Jun Tsuda 0-0: Ball
1-0: Fly out, F8 (Line Drive, 8LD, EV 102.5 MPH)
Top of the 9th over - 4 runs, 5 hits, 0 errors, 1 left on base; Texas 7 - Colorado 4
BOTTOM OF THE 9TH
Colorado Rockies batting - Pitching for Texas Rangers : RHP Troy Baker
Pitching: RHP Kyle Curve
Now at 1B: Johan de Vries
Now in CF: Casey Semenza
Batting: RHB Leo Mair 0-0: Called Strike
0-1: Swinging Strike
0-2: Foul Ball, location: 2F
0-2: Strikes out looking
Batting: RHB Stephen Charbonneau 0-0: Called Strike
0-1: Ground out 3-1 (Groundball, 34, EV 84.4 MPH)
Batting: RHB Chad Thompson 0-0: Called Strike
0-1: Called Strike
0-2: Ball
1-2: Strikes out swinging
Bottom of the 9th over - 0 runs, 0 hits, 0 errors, 0 left on base; Texas 7 - Colorado 4
Thursday, March 31st , 2022 - OOTP Baseball 22.12 Build 89